 Dungeon Crawl Stone Soup version 0.31-a0-1178-gc5c9b8f871 (webtiles) character file.

Game seed: 4468249120800412177

1558 lunkers the Martial Artist (level 9, -7/64 HPs)
             Began as a Meteoran Shapeshifter on Dec 8, 2023.
             Was an Initiate of Ru.
             Mangled by a gnoll
             ... wielding a +0 flail
             ... led by a gnoll sergeant
              (11 damage)
             ... on level 6 of the Dungeon on Dec 11, 2023.
             The game lasted 00:11:27 (2230 turns).

lunkers the Martial Artist (Meteoran Shapeshifter)  Turns: 2230, Time: 00:11:28

Health: -7/64      AC:  9    Str: 17    XL:     9   Next: 34%
Magic:  19/19      EV: 11    Int: 12    God:    Ru [......]
Gold:   245        SH:  0    Dex: 17    Spells: 8/8 levels left

rFire   . .          .
                       - Unarmed
rCold   . . .        (no shield)
rNeg    . . .        g - +4 ring mail
rPois   +            (helmet currently unavailable)
rElec   .            (cloak currently unavailable)
rCorr   .            (gloves currently unavailable)
SInv    .            (boots currently unavailable)
Will    +....        e - amulet of the acrobat
Stlth   +            r - ring of magical power
HPRegen 0.30/turn    m - ring of poison resistance
MPRegen 0.16/turn

%: acrobat
@: beast-form, glowing
A: beast (slay +4), sense surroundings 2, otherworldly, glowing, explore regen
a: Begin Untransformation, Renounce Religion


You were on level 6 of the Dungeon.
You worshipped Ru.
Ru was noncommittal.
You were a hulking beast.
You visited 2 branches of the dungeon, and saw 7 of its levels.

You collected 245 gold pieces.

Inventory:

Missiles
 n - 6 darts of dispersal
 o - 2 curare-tipped darts
Armour
 a - a +0 animal skin
 g - a +4 ring mail (worn)
 t - +0 steam dragon scales
Jewellery
 e - an amulet of the acrobat (around neck)
 j - a +6 ring of intelligence
 m - a ring of poison resistance (right hand)
 r - a ring of magical power (left hand)
 v - an amulet of faith
Talismans
 c - a beast talisman
 d - a flux talisman
 l - a serpent talisman
Scrolls
 b - a scroll of enchant armour
Potions
 f - 3 potions of enlightenment {unknown}
 h - a potion of brilliance {unknown}
 i - 3 potions of heal wounds {unknown}
 k - a potion of curing
 p - a potion of degeneration {unknown}
 q - a potion of might {unknown}
 s - a potion of berserk rage {unknown}
 u - a potion of attraction {unknown}


   Skills:
 - Level 1.1 Fighting
 - Level 2.1 Dodging
 * Level 11.1 Unarmed Combat
 + Level 7.8 Shapeshifting


You had 8 spell levels left.
You didn't know any spells.
Your spell library contained the following spells:

 Spells                   Type           Power      Damage    Failure   Level
 Magic Dart               Conj           0%         1d3       52%         1
 Call Imp                 Summ           0%         N/A       67%         2
 Inner Flame              Hex/Fire       0%         N/A       88%         3
 Mephitic Cloud           Conj/Pois/Air  0%         N/A       88%         3
 Yara's Violent Unravell  Hex/Tmut       0%         3d3       100%        5
 Conjure Ball Lightning   Conj/Air       0%         3x3d6     100%        6
 Enfeeble                 Hex            0%         N/A       100%        7
 Discord                  Hex            0%         N/A       100%        8
 Disjunction              Tloc           0%         N/A       100%        8


Dungeon Overview and Level Annotations

Branches:
Dungeon (6/15) Zot: 1420   Temple (1/1) D:4 Zot: 591

Altars:
Ashenzari
Cheibriados
Dithmenos
Elyvilon
Fedhas
Hepliaklqana
Kikubaaqudgha
Makhleb
Okawaru
Qazlal
Ru
Sif Muna
Trog
Vehumet
Wu Jian
Xom
Zin
The Shining One

Shops:
D:3 =


Innate Abilities, Weirdness & Mutations

You are a hulking beast.
Your limbs bulge with bestial killing power. (Slay +4)
You passively map the area around you.
You are easily found by Zot.
You glow in the dark.
You regain HP and MP as you explore.


Message History

The gnoll sergeant hits you from afar with a +4 spear of venom!
* * * LOW HITPOINT WARNING * * *
The gnoll hits you but does no damage.
You punch the gnoll!
You kill the gnoll!
The gnoll hits you but does no damage. The gnoll sergeant misses you.
Your Unarmed Combat skill increases to level 11!
The gnoll closely misses you. The gnoll sergeant closely misses you.
Things that are here:
a +0 spear; a gnoll corpse You barely miss the gnoll sergeant.
The gnoll barely misses you.
The gnoll sergeant completely misses you.
You hit the gnoll sergeant but do no damage.
You punch the gnoll sergeant!
The gnoll sergeant is heavily wounded.
The gnoll hits you but does no damage. The gnoll sergeant barely misses you.
Unknown command.
You hit the gnoll sergeant.
The gnoll sergeant is severely wounded.
The gnoll misses you.
The gnoll sergeant hits you with a +4 spear of venom.
* * * LOW HITPOINT WARNING * * *
You punch the gnoll sergeant!
You kill the gnoll sergeant!
The gnoll barely misses you. The gnoll closely misses you.
You closely miss the gnoll. The gnoll barely misses you.
The gnoll completely misses you.
Unknown command.
You punch the gnoll!
The gnoll is heavily wounded.
Unknown command.
You punch the gnoll!
You kill the gnoll!
The gnoll hits you with a +0 flail.
* * * LOW HITPOINT WARNING * * *
Unknown command.
You hit the gnoll.
The gnoll is lightly wounded.
The gnoll hits you with a +0 flail!
You die...

, * , , * , , , ..., .##
###..... * , ,...,
..##......#.# , , , ...,,
..... ...#.# ,,,
*###.##*#...##...... , ,
##.....##.........#
#.......#.........# .., ,
#......g#.......# .. ,
..)._..)h...)...# .
,#......)#......## ,
,#.......#..))### ..
##.....##....## *.....
###.####.....#
...................###
*##.....................#
#................>....###
....# #.....#..........#


You could see a gnoll.

Vanquished Creatures
  Maggie (D:6)
  Menkaure (D:4)
  An ice beast (D:5)
  An ogre (D:4)
  2 centaurs (D:6)
  2 scorpions
  A gnoll sergeant (D:6)
  A jelly (D:4)
  An orc priest (D:3)
  A hound (D:4)
  A sleepcap (D:5)
  Natasha (twice) (D:3)
  3 iguanas
  7 orc wizards (D:5)
  3 gnolls
  8 adders
  A shadow imp (D:5)
  A white imp (D:6)
  A worm (D:4)
  10 dart slugs
  15 orcs
  4 ball pythons
  4 endoplasms
  2 giant cockroaches (D:1)
  10 goblins
  3 hobgoblins (D:4)
  2 jackals (D:3)
  4 quokkas
  4 bats
  A frilled lizard (D:3)
  8 kobolds
  4 rats
110 creatures vanquished.

Notes
Turn   | Place    | Note
-------+----------+-------------------------------------------
     0 | D:1      | lunkers the Meteoran Shapeshifter began the quest for the
                  | Orb.
     0 | D:1      | Reached XP level 1. HP: 16/16 MP: 2/2
   122 | D:1      | Reached XP level 2. HP: 23/23 MP: 3/3
   124 | D:1      | Reached skill level 4 in Unarmed Combat
   243 | D:1      | Reached XP level 3. HP: 7/28 MP: 4/4
   502 | D:1      | Glimpsed the power of Zot.
   676 | D:2      | Reached XP level 4. HP: 35/35 MP: 5/5
   706 | D:2      | Reached skill level 5 in Unarmed Combat
   897 | D:3      | Found a faded altar of an unknown god.
   947 | D:3      | Noticed Natasha
   955 | D:3      | Killed Natasha
   956 | D:3      | Reached XP level 5. HP: 40/40 MP: 6/6
   979 | D:3      | Found Byatzemu's Jewellery Shoppe.
  1001 | D:3      | Reached skill level 6 in Unarmed Combat
  1008 | D:3      | HP: 2/60 [orc/+0 trident (4)]
  1037 | D:3      | Found a broken altar of Ashenzari.
  1037 | D:3      | Found a glowing golden altar of the Shining One.
  1058 | D:3      | Noticed Natasha
  1064 | D:3      | Reached XP level 6. HP: 34/47 MP: 7/7
  1064 | D:3      | Found a blossoming altar of Fedhas.
  1179 | D:3      | Killed Natasha
  1180 | D:3      | Reached skill level 5 in Shapeshifting
  1207 | D:3      | Found a hazy altar of Hepliaklqana.
  1254 | D:4      | Noticed an ogre
  1261 | D:4      | Killed an ogre
  1262 | D:4      | Reached skill level 7 in Unarmed Combat
  1262 | D:4      | Reached XP level 7. HP: 32/52 MP: 8/8
  1275 | D:4      | Noticed Menkaure
  1285 | D:4      | Killed Menkaure
  1372 | D:4      | Reached skill level 8 in Unarmed Combat
  1392 | D:4      | Found a radiant altar of Vehumet.
  1532 | D:4      | Found a staircase to the Ecumenical Temple.
  1562 | Temple   | Entered the Ecumenical Temple
  1566 | Temple   | Became a worshipper of Ru the Awakened
  1823 | D:4      | Reached XP level 8. HP: 59/59 MP: 9/9
  1828 | D:5      | Entered Level 5 of the Dungeon
  1902 | D:5      | Reached skill level 9 in Unarmed Combat
  2150 | D:6      | Noticed Maggie
  2159 | D:6      | Upgraded the game from 0.31-a0-1074-g0b22e4e0f1 to
                  | 0.31-a0-1178-gc5c9b8f871
  2164 | D:6      | Killed Maggie
  2165 | D:6      | Reached skill level 10 in Unarmed Combat
  2165 | D:6      | Gained mutation: You passively map the area around you.
                  | [Meteoran growth]
  2165 | D:6      | Reached XP level 9. HP: 11/64 MP: 10/10
  2203 | D:6      | Found a glowing silver altar of Zin.
  2221 | D:6      | Reached skill level 11 in Unarmed Combat
  2230 | D:6      | Mangled by a gnoll

Illustrated notes

Levels and vault maps discovered:
D:1:      giann_bridges, layout_basic
D:2:      layout_loops_ring
D:3:      kennysheep_slugbush, layout_rooms, mainiacjoe_overflow_tiny_flanked,
          lemuel_crystal_altar, gammafunk_temple_overflow_statue,
          ebering_ecumenical_altar_webs, serial_shops, shop, eino_curves_02,
          uniq_sigmund, uniq_natasha
D:4:      minmay_opposing_rooms, layout_basic,
          mainiacjoe_overflow_concentric_impassable,
          minmay_temple_entry_enclosed_plants, minmay_misc_feat_tower,
          minmay_misc_feat_doors, kennysheep_generic_room_9, uniq_menkaure
D:5:      layout_basic, mainiacjoe_overflow_brackets,
          minmay_a_box_with_orc_wizards_in_it
D:6:      layout_cave_pools, old_standard_altar, lemuel_tele_altar,
          gup_ossuary_entry_pyramid, nzn_random_ring, uniq_maggie
Temple:   nicolae_temple_x_marks_the_god

Skill      XL: |  1  2  3  4  5  6  7  8  9 |
---------------+----------------------------+-----
Unarmed Combat | 4 5 6 7 8 10 11 | 11.1
Shapeshifting  | 4 5 6 7 |  7.8
Fighting       | |  1.1
Dodging        | |  2.1

Action                     |  1- 3 |  4- 6 |  7- 9 || total
---------------------------+-------+-------+-------++-------
  Melee: Unarmed           |    53 |    93 |   150 ||   296
         Punch             |       |     3 |    12 ||    15
    Use: Potion            |       |     2 |     1 ||     3
         Scroll            |       |     1 |     5 ||     6
 Armour: Animal skin       |    18 |       |       ||    18
         Ring mail         |     9 |    51 |   111 ||   171
         Skin              |       |    48 |    25 ||    73
  Dodge: Dodged            |    36 |    74 |    87 ||   197

Table legend: (Time is in decaauts)
 A = Elapsed time spent in this place.
 B = Non-inter-level travel time spent in this place.
 C = Inter-level travel time spent in this place.
 D = Time resting spent in this place.
 E = Time spent auto-exploring this place.
 F = Levels seen in this place.
 G = Mean time per level.
                   A        B        C        D        E       F      G
               +--------+--------+--------+--------+--------+-----+--------+
         Total |   2187 |   2025 |    162 |     25 |   1292 |   7 |  312.4 |
       Dungeon |   2179 |   2022 |    157 |     25 |   1292 |   6 |  363.2 |
        Temple |      8 |      4 |      4 |      0 |      0 |   1 |    8.0 |
               +--------+--------+--------+--------+--------+-----+--------+

Top non-repeatable levels by time:
     D:4: 571 daAuts
     D:1: 519 daAuts
     D:2: 373 daAuts
     D:3: 331 daAuts
     D:5: 237 daAuts
     D:6: 146 daAuts
  Temple: 8 daAuts
